 Dungeon Crawl Stone Soup version 0.31-a0-799-g6bc09d010c (webtiles) character file.

Game seed: 17723117620549973223

66 Hubris850 the Ruffian (level 4, -2/32 HPs)
             Began as a Gnoll Shapeshifter on Sept 19, 2023.
             Slain by an orc
             ... wielding a +0 hand axe
              (5 damage)
             ... on level 3 of the Dungeon.
             The game lasted 00:04:34 (1691 turns).

Hubris850 the Ruffian (Gnoll Shapeshifter)          Turns: 1691, Time: 00:04:35

Health: -2/32      AC: 11    Str: 13    XL:     4   Next: 15%
Magic:  5/5        EV: 12    Int: 11    God:
Gold:   91         SH:  0    Dex: 12    Spells: 5/5 levels left

rFire   . .          .
                       - Unarmed
rCold   . . .        (shield currently unavailable)
rNeg    . . .        p - +5 ring mail "Neengis" {Harm *Slow rCorr SInv}
rPois   .            h - +1 hat
rElec   .            (no cloak)
rCorr   +            (no gloves)
SInv    +            (no boots)
Will    .....        (no amulet) Stlth
                     (no ring)
HPRegen 0.25/turn    (no ring)
MPRegen 0.09/turn

%: slow self (1%), harm (+30% outgoing, +20% incoming)
@: confused, flux-form, glowing
A: glow, contaminating, reduced hp, fangs 1, strong nose, distributed training
a: Begin Untransformation


You were on level 3 of the Dungeon.
You were something dangerously unstable.
You visited 1 branch of the dungeon, and saw 3 of its levels.

You collected 91 gold pieces.

Inventory:

Hand Weapons
 f - a +0 dagger
 q - a +1 sling of draining
Armour
 a - a +0 animal skin
 h - a +1 hat (worn)
 j - a +0 scale mail
 k - a +0 troll leather armour
 p - the +5 ring mail "Neengis" (worn) {Harm *Slow rCorr SInv}
   (You found it on level 2 of the Dungeon)

   SInv:      It lets you see invisible.
   rCorr:     It protects you from acid and corrosion.
   *Slow:     It may slow you when you take damage.
   Harm:      It increases damage dealt and taken.
 s - a +1 leather armour of willpower
Magical Staves
 t - a staff of death
Talismans
 c - a beast talisman
 d - a flux talisman (active)
Scrolls
 e - 2 scrolls of noise {unknown}
 g - 3 scrolls of teleportation {unknown}
 i - a scroll of immolation {unknown}
 o - a scroll of identify {unknown}
Potions
 b - 3 potions of lignification
 l - a potion of heal wounds {unknown}
 m - a potion of mutation {unknown}
 n - a potion of berserk rage {unknown}
 r - a potion of brilliance {unknown}


   Skills:
 + Level 2.7 Fighting
 + Level 1.0 Short Blades
 + Level 1.0 Long Blades
 + Level 1.0 Axes
 + Level 1.0 Maces & Flails
 + Level 1.0 Polearms
 + Level 1.0 Staves
 + Level 1.0 Ranged Weapons
 + Level 1.0 Throwing
 + Level 1.0 Armour
 + Level 4.6 Dodging
 + Level 1.0 Stealth
 + Level 1.0 Shields
 + Level 6.6 Unarmed Combat
 + Level 1.0 Spellcasting
 + Level 0.8 Conjurations
 + Level 0.8 Hexes
 + Level 0.8 Summonings
 + Level 0.8 Necromancy
 + Level 0.8 Translocations
 + Level 0.8 Transmutations
 + Level 0.8 Fire Magic
 + Level 0.8 Ice Magic
 + Level 0.8 Air Magic
 + Level 0.8 Earth Magic
 + Level 0.8 Poison Magic
 + Level 1.1 Invocations
 + Level 1.0 Evocations
 + Level 6.5 Shapeshifting


You had 5 spell levels left.
You didn't know any spells.
Your spell library was empty.

Dungeon Overview and Level Annotations

Branches:
Dungeon (3/15)

Altars:
The Shining One


Innate Abilities, Weirdness & Mutations

You are something dangerously unstable.
You glow with magical radiation, making you easy to see and hit.
Foes you strike become dangerously contaminated with magical radiation.
Your maximum health is decreased, since you lack skill for your form.
You are incapable of wielding weapons or throwing items.
You have very sharp teeth.
Your uncanny sense of smell can sniff out nearby items.
Your experience applies equally to all skills.


Message History

The puff of flame hits you!
* * * LOW HITPOINT WARNING * * *
The orc wizard hits you but does no damage.
The orc wizard misses you. The orc barely misses you.
The orc wizard hits you but does no damage.
The orc wizard closely misses you.
You're too confused to move!
The orc wizard hits you but does no damage.
The orc wizard closely misses you.
The orc wizard attacks as it pursues you!
The orc wizard closely misses you.
You bump into the rock wall.
The orc wizard hits you but does no damage.
The quokka closely misses you.
The orc wizard hits you with a +0 dagger.
* * * LOW HITPOINT WARNING * * *
The quokka bites you but does no damage.
You see here 7 stones.
You bump into the rock wall.
The orc wizard hits you with a +0 dagger.
* * * LOW HITPOINT WARNING * * *
The orc wizard casts a spell.
The orc wizard flickers and vanishes for a moment.
The quokka bites you but does no damage.
You're too confused to move!
The orc wizard closely misses you.
The orc wizard hits you but does no damage.
The orc barely misses you. The quokka misses you.
Unknown command.
You barely miss the orc wizard.
The orc wizard is heavily wounded.
The orc wizard barely misses you. The orc misses you.
The orc wizard gestures at you while chanting.
You are more confused.
The quokka closely misses you.
You hit the orc.
The orc begins to glow.
The orc is severely wounded.
The quokka bites you.
* * * LOW HITPOINT WARNING * * *
The orc wizard barely misses you. The orc hits you with a +0 hand axe.
You die...

.. ##..###........
.. #.....#........
#.....#........
#.....#........
#.....#........
###.###........
#####...#o.......
#........oor......
..######!#po......
#.######### #..
##.# .. #.. #. .#


You could see 3 orc wizards, an orc (contam) and a quokka.

Vanquished Creatures
  An adder (D:2)
  A worm (D:2)
  A dart slug (D:1)
  4 orcs (D:3)
  5 ball pythons
  4 endoplasms (D:1)
  5 giant cockroaches
  7 goblins
  2 hobgoblins
  2 jackals (D:1)
  A quokka (D:2)
  4 bats (D:1)
  5 frilled lizards
  A kobold (D:1)
43 creatures vanquished.

Notes
Turn   | Place    | Note
-------+----------+-------------------------------------------
     0 | D:1      | Hubris850 the Gnoll Shapeshifter began the quest for the
                  | Orb.
     0 | D:1      | Reached XP level 1. HP: 17/17 MP: 1/1
    92 | D:1      | Reached XP level 2. HP: 20/23 MP: 2/2
   326 | D:1      | Found a faded altar of an unknown god.
   332 | D:1      | Reached XP level 3. HP: 23/28 MP: 3/3
   819 | D:2      | Reached skill level 1 in Invocations
   964 | D:2      | Identified the +5 ring mail "Neengis" {Harm *Slow rCorr
                  | SInv}
  1176 | D:2      | Reached skill level 1 in Short Blades
  1176 | D:2      | Reached skill level 1 in Long Blades
  1176 | D:2      | Reached skill level 1 in Axes
  1176 | D:2      | Reached skill level 1 in Maces & Flails
  1176 | D:2      | Reached skill level 1 in Polearms
  1176 | D:2      | Reached skill level 1 in Staves
  1176 | D:2      | Reached skill level 1 in Ranged Weapons
  1176 | D:2      | Reached skill level 1 in Throwing
  1176 | D:2      | Reached skill level 1 in Armour
  1176 | D:2      | Reached skill level 1 in Stealth
  1176 | D:2      | Reached skill level 1 in Shields
  1176 | D:2      | Reached skill level 1 in Spellcasting
  1176 | D:2      | Reached skill level 1 in Evocations
  1198 | D:2      | Found a glowing golden altar of the Shining One.
  1620 | D:3      | Reached XP level 4. HP: 32/34 MP: 5/5
  1691 | D:3      | Slain by an orc

Illustrated notes

Levels and vault maps discovered:
D:1:      wander_arrival_desolate, layout_loops_ring,
          chequers_ecumenical_altar_island
D:2:      layout_basic, basic_altar
D:3:      layout_rooms, nrook_loot_triangle, st_stairs_8

Skill      XL: |  1  2  3 |
---------------+----------+-----
Invocations    | 1 |  1.1
Short Blades   | 1 |  1.0
Long Blades    | 1 |  1.0
Axes           | 1 |  1.0
Maces & Flails | 1 |  1.0
Polearms       | 1 |  1.0
Staves         | 1 |  1.0
Ranged Weapons | 1 |  1.0
Throwing       | 1 |  1.0
Armour         | 1 |  1.0
Stealth        | 1 |  1.0
Shields        | 1 |  1.0
Spellcasting   | 1 |  1.0
Evocations     | 1 |  1.0
Fighting       | |  2.7
Dodging        | |  4.6
Unarmed Combat | |  6.6
Conjurations   | |  0.8
Hexes          | |  0.8
Summonings     | |  0.8
Necromancy     | |  0.8
Translocations | |  0.8
Transmutations | |  0.8
Fire Magic     | |  0.8
Ice Magic      | |  0.8
Air Magic      | |  0.8
Earth Magic    | |  0.8
Poison Magic   | |  0.8
Shapeshifting  | |  6.5

Action                     |  1- 3 |  4- 6 || total
---------------------------+-------+-------++-------
  Melee: Unarmed           |   105 |    26 ||   131
         Bite              |     7 |     4 ||    11
Ability: Begin Untransform |     1 |       ||     1
 Armour: Animal skin       |    17 |       ||    17
         Ring mail         |    21 |    47 ||    68
         Troll leather arm |     8 |       ||     8
         Scale mail        |     4 |       ||     4
  Dodge: Dodged            |    74 |    36 ||   110
   Form: Flux              |     1 |       ||     1

Table legend: (Time is in decaauts)
 A = Elapsed time spent in this place.
 B = Non-inter-level travel time spent in this place.
 C = Inter-level travel time spent in this place.
 D = Time resting spent in this place.
 E = Time spent auto-exploring this place.
 F = Levels seen in this place.
 G = Mean time per level.
                   A        B        C        D        E       F      G
               +--------+--------+--------+--------+--------+-----+--------+
         Total |   1684 |   1604 |     80 |      0 |   1222 |   3 |  561.3 |
       Dungeon |   1684 |   1604 |     80 |      0 |   1222 |   3 |  561.3 |
               +--------+--------+--------+--------+--------+-----+--------+

Top non-repeatable levels by time:
     D:1: 810 daAuts
     D:2: 799 daAuts
     D:3: 74 daAuts
